 Dungeon Crawl Stone Soup version 0.29-a0-96-g93358da72b (webtiles) character file.

Game seed: 3103011160422344182

342 Rocko1345 the Skirmisher (level 6, -4/67 HPs)
             Began as an Ogre Berserker on Feb 10, 2022.
             Was a Believer of Trog.
             Slain by a bullfrog (6 damage)
             ... on level 5 of the Dungeon.
             The game lasted 00:11:45 (3448 turns).

Rocko1345 the Skirmisher (Ogre Berserker)           Turns: 3448, Time: 00:11:46

Health: -4/67      AC:  3    Str: 24    XL:     6   Next: 57%
Magic:  6/6        EV: 10    Int:  8    God:    Trog [**....]
Gold:   107        SH:  0    Dex:  8    Spells: 5/5 levels left

rFire   . . .      SeeInvis .   m - +0 giant spiked club
rCold   . . .      Faith    .   (shield currently unavailable)
rNeg    . . .      Spirit   .   b - +0 animal skin
rPois   .          Reflect  .   (helmet restricted)
rElec   .          Harm     .   (no cloak)
rCorr   .          Rampage  .   (gloves unavailable)
Will    .....                   (boots unavailable)
Stlth   +.........              (no amulet)
HPRegen 1.01/turn               (no ring)
MPRegen 0.10/turn               (no ring)

@: brilliant, on berserk cooldown, slowed, very slow
A: large, unfitting armour, tough skin 1, regeneration 1
a: Renounce Religion, Berserk, Trog's Hand


You were on level 5 of the Dungeon.
You worshipped Trog.
Trog was pleased with you.
You visited 1 branch of the dungeon, and saw 5 of its levels.

You collected 107 gold pieces.

Inventory:

Hand Weapons
 a - a +0 mace
 m - a +0 giant spiked club (weapon)
Missiles
 c - 177 stones (quivered)
 p - a throwing net
Armour
 b - a +0 animal skin (worn)
Magical Staves
 d - a staff of poison
Jewellery
 j - a ring of magical power
Scrolls
 f - a scroll of acquirement {unknown}
 h - a scroll of brand weapon {unknown}
 i - a scroll of noise {unknown}
 k - a scroll of fog {unknown}
 l - a scroll of amnesia {unknown}
 q - a scroll of identify {unknown}
Potions
 e - 2 potions of curing {unknown}
 g - a potion of magic
 o - a potion of attraction {unknown}


   Skills:
 * Level 6.2 Fighting
 * Level 4.8 Maces & Flails
 * Level 0.8 Throwing
 + Level 3.6 Dodging


You had 5 spell levels left.
You didn't know any spells.
Your spell library was empty.

Dungeon Overview and Level Annotations

Branches:
Dungeon (6/15)             Temple (0/1) D:5

Altars:
Cheibriados
Kikubaaqudgha

Shops:
D:2 (


Innate Abilities, Weirdness & Mutations

You are too large for most types of armour.
You have tough skin. (AC +1)
Your natural rate of healing is unusually fast.


Message History

* * * LOW HITPOINT WARNING * * *
The ice beast hits you but does no damage.
You barely miss the bullfrog.
The bullfrog is heavily wounded.
You feel the effects of Trog's Hand fading.
The bullfrog barely misses you. The bullfrog hits you.
* * * LOW HITPOINT WARNING * * *
The ice beast barely misses you.
You barely miss the bullfrog.
The bullfrog is heavily wounded.
The bullfrog hits you but does no damage.
The ice beast barely misses you.
You barely miss the ice beast. The bullfrog closely misses you.
The bullfrog hits you.
* * * LOW HITPOINT WARNING * * *
The ice beast hits you.
* * * LOW HITPOINT WARNING * * *
The ice beast freezes you!
* * * LOW HITPOINT WARNING * * *
Unknown command.
You feel a strong urge to attack something.
The bullfrog hits you.
* * * LOW HITPOINT WARNING * * *
You feel your anger nearly subside.
You are no longer berserk.
You are exhausted.
You feel yourself slow down.
Your skin stops crawling.
You feel less strong-willed.
You closely miss the bullfrog.
The bullfrog is heavily wounded.
The bullfrog hits you.
* * * LOW HITPOINT WARNING * * *
The bullfrog hits you.
* * * LOW HITPOINT WARNING * * *
The bullfrog closely misses you.
It was a potion of brilliance.
You feel clever all of a sudden. The bullfrog barely misses you.
The bullfrog closely misses you.
The ice beast hits you but does no damage.
The bullfrog hits you.
You die...

.. #.⌠.# #.....(_.. ..
#########...####.#...... #.
#..............#.#...... #.####
#......⌠..>..⌠.#.##)....
#....###..............#.####.##
#............###...###.........
##...###.....# #.⌠.# #######.##
#...# ####..###...# # #...#
#..F@...## # #...# #..Y...## #
#...... #......# #!.....#
######## #......# #.......
#....... ####....#


You could see an ice beast and a bullfrog.

Vanquished Creatures
  An ogre (D:2)
  A water moccasin skeleton (D:5)
  Jessica (D:2)
  Natasha (thrice) (D:2)
  4 adders
  2 worms
  2 dart slugs
  7 endoplasms
  7 goblins
  5 hobgoblins
  5 jackals (D:1)
  9 kobolds
  3 quokkas (D:1)
  6 ball pythons
  3 bats
  3 frilled lizards
  4 rats
66 creatures vanquished.

Notes
Turn   | Place    | Note
-------+----------+-------------------------------------------
     0 | D:1      | Rocko1345 the Ogre Berserker began the quest for the Orb.
     0 | D:1      | Reached XP level 1. HP: 24/24 MP: 1/1
    35 | D:1      | Found a faded altar of an unknown god.
   151 | D:1      | Reached XP level 2. HP: 28/32 MP: 2/2
   507 | D:1      | Reached XP level 3. HP: 5/40 MP: 3/3
  1199 | D:1      | Reached ** piety under Trog
  1493 | D:2      | Found an ancient bone altar of Kikubaaqudgha.
  1604 | D:2      | Noticed Jessica
  1617 | D:2      | Killed Jessica
  1618 | D:2      | Reached XP level 4. HP: 16/49 MP: 4/4
  1827 | D:2      | Noticed Natasha
  1834 | D:2      | Killed Natasha
  1963 | D:2      | Reached skill level 5 in Fighting
  1968 | D:2      | Noticed Natasha
  1987 | D:2      | Killed Natasha
  1988 | D:2      | Reached XP level 5. HP: 47/57 MP: 5/5
  2112 | D:2      | Noticed Natasha
  2122 | D:2      | Killed Natasha
  2561 | D:2      | Found Zoxejisk's Weapon Shoppe.
  2570 | D:2      | Noticed an ogre
  2585 | D:2      | Killed an ogre
  2586 | D:2      | Reached skill level 6 in Fighting
  2586 | D:2      | Reached XP level 6. HP: 64/67 MP: 6/6
  2859 | D:3      | Gained mutation: Your natural rate of healing is unusually
                  | fast. [potion of mutation]
  3206 | D:3      | You fall into a shaft and drop 3 floors!
  3213 | D:5      | Entered Level 5 of the Dungeon
  3373 | D:5      | Found a snail-covered altar of Cheibriados.
  3394 | D:5      | Found a staircase to the Ecumenical Temple.
  3419 | D:5      | Noticed an ice beast
  3442 | D:5      | HP: 2/100 [ice beast (14)]
  3447 | D:5      | HP: 2/67 [bullfrog (3)]
  3448 | D:5      | Slain by a bullfrog

Illustrated notes

Levels and vault maps discovered:
D:1:      lemuel_arrival_hallway, layout_basic,
          dreamdust_ecumenical_altar_statues, minmay_tripent
D:2:      layout_loops_cross, basic_altar, serial_shops, nicolae_shop_stone,
          uniq_jessica, uniq_natasha
D:3:      layout_loops_cross
D:5:      layout_basic, old_standard_altar, marbit_many_paths,
          minmay_temple_entry_junction, nrook_mini_backslash
D:6:      layout_rooms, grunt_temple_overflow_magic_moments,
          fedhas_bush_and_centaur_altar

Skill      XL: |  1  2  3  4  5 |
---------------+----------------+-----
Dodging        | 3 |  3.6
Maces & Flails | 3 4 |  4.8
Fighting       | 5 6 |  6.2
Throwing       | |  0.8

Action                   |  1- 3 |  4- 6 || total
-------------------------+-------+-------++-------
Melee: Mace              |   118 |    55 ||   173
       Punch             |     2 |     1 ||     3
       Giant spiked club |       |    80 ||    80
Throw: Stone             |     5 |     3 ||     8
Invok: Berserk           |     4 |     3 ||     7
       Trog's Hand       |     1 |     4 ||     5
  Use: Potion            |       |     4 ||     4
 Stab: Sleeping          |       |     1 ||     1
Armor: Animal skin       |    34 |    52 ||    86
Dodge: Dodged            |    81 |   114 ||   195

Table legend: (Time is in decaauts)
 A = Elapsed time spent in this place.
 B = Non-inter-level travel time spent in this place.
 C = Inter-level travel time spent in this place.
 D = Time resting spent in this place.
 E = Time spent auto-exploring this place.
 F = Levels seen in this place.
 G = Mean time per level.
                   A        B        C        D        E       F      G
               +--------+--------+--------+--------+--------+-----+--------+
         Total |   3587 |   3507 |     80 |   1310 |   1270 |   5 |  717.4 |
       Dungeon |   3587 |   3507 |     80 |   1310 |   1270 |   5 |  717.4 |
               +--------+--------+--------+--------+--------+-----+--------+

Top non-repeatable levels by time:
     D:1: 1531 daAuts
     D:2: 1308 daAuts
     D:3: 496 daAuts
     D:5: 244 daAuts
     D:6: 6 daAuts
